 Dungeon Crawl Stone Soup version 0.18.1-48-g4cf74bf (webtiles) character file.

3663 Alarkh the Archer (level 9, -1/61 HPs)
             Began as a Mummy Hunter on Aug 15, 2016.
             Was a Believer of Okawaru.
             Engulfed by an ice statue's freezing vapour (10 damage)
             ... on level 8 of the Dungeon.
             The game lasted 00:13:54 (9108 turns).

Alarkh the Archer (Mummy Hunter)                    Turns: 9108, Time: 00:13:54

Health: -1/61      AC:  8    Str: 16    XL:     9   Next: 89%
Magic:  9/9        EV: 11    Int: 13    God:    Okawaru [**....]
Gold:   499        SH:  0    Dex: 12    Spells: 0 memorised, 8 levels left

rFire  x . .     SeeInvis +     a - +1 shortbow
rCold  + . .     Gourm    .     m - +0 ring mail
rNeg   + + +     Faith    .     (shield currently unavailable)
rPois  ∞         Spirit   .     C - +0 helmet {SInv}
rElec  .         Dismiss  .     (no cloak)
rCorr  .         Reflect  .     (no gloves)
SustAt .         Harm     .     r - +1 pair of boots
MR     +....                    t - amulet of magic regeneration
Stlth  +.........               (no ring)
                                n - ring of wizardry

@: about to teleport, somewhat resistant to hostile enchantments, very
unstealthy
A: no food or potions, fire vulnerability, cold resistance 1, negative energy
resistance 3, torment resistance, unbreathing
a: Heroism, Renounce Religion


You were on level 8 of the Dungeon.
You worshipped Okawaru.
Okawaru was pleased with you.
You were not hungry.

You visited 2 branches of the dungeon, and saw 9 of its levels.

You collected 499 gold pieces.

Inventory:

Hand Weapons
 a - a +1 shortbow (weapon)
 b - a +2 dagger of venom
 x - a +0 short sword
Missiles
 d - 75 arrows (quivered)
Armour
 c - the +1 pair of gloves "Weum Jikyhu" {+Inv, unknown}
   (You found it on level 8 of the Dungeon)

   It lets you turn invisible.
 m - a +0 ring mail (worn)
 r - a +1 pair of boots (worn)
 C - a +0 helmet of see invisible (worn)
Jewellery
 n - a ring of wizardry (left hand)
 s - an uncursed amulet of rage
 t - an amulet of magic regeneration (around neck)
Wands
 i - a wand of slowing (22/48)
 q - a wand of hasting (3/9)
 u - a wand of disintegration (9/24)
 B - a wand of lightning (9/15)
Scrolls
 f - 3 scrolls of teleportation
 g - 5 scrolls of amnesia
 j - 3 scrolls of recharging
 k - 3 scrolls of identify
 o - 3 scrolls of immolation
 p - a scroll of random uselessness
 A - a scroll of fear
Books
 h - a book of Frost

   Spells                             Type                      Level
   a - Freeze                         Ice                          1
   b - Throw Frost                    Conjuration/Ice              2
   c - Ozocubu's Armour               Charms/Ice                   3
   d - Throw Icicle                   Conjuration/Ice              4
   e - Summon Ice Beast               Ice/Summoning                4
 v - Sif Muna's Tome of Stones
   (You found it on level 7 of the Dungeon)

   Spells                             Type                      Level
   a - Sandblast                      Earth                        1
 z - a book of Unlife

   Spells                             Type                      Level
   a - Recall                         Summoning/Translocation      3
   b - Animate Dead                   Necromancy                   4
   c - Control Undead                 Necromancy                   4
   d - Cigotuvi's Embrace             Necromancy                   5
   e - Death Channel                  Necromancy                   6
   f - Simulacrum                     Ice/Necromancy               6


   Skills:
 + Level 2.2 Fighting
 + Level 12.0 Bows
 + Level 0.4 Armour
 + Level 1.7 Dodging
 - Level 0.7 Stealth


You had 8 spell levels left.
You didn't know any spells.

Dungeon Overview and Level Annotations

Branches:
Dungeon (8/15)             Temple (1/1) D:6
   Lair: D:8-11

Altars:
Cheibriados
Dithmenos
Elyvilon
Fedhas
Gozag
Kikubaaqudgha
Makhleb
Okawaru
Pakellas
Ru
Sif Muna
Vehumet
Xom
Yredelemnul
Zin
Lugonu

Annotations:
D:8 exclusion: ice statue


Innate Abilities, Weirdness & Mutations

You do not eat or drink.
Your flesh is vulnerable to fire.
You are immune to poison.
Your flesh is cold resistant.
You are immune to negative energy.
You are immune to unholy pain and torment.
You can survive without breathing.


Message History

Unknown command.
You see here a meat ration.
Really walk into a travel-excluded area?
The ice statue gestures at you. The freezing blast engulfs you! You resist.
You are engulfed in freezing vapours.
You resist. The ice statue gestures at you. The shard of ice hits you!
You partially resist. The ice statue gestures at you.
The freezing blast engulfs you! You resist.
* * * LOW HITPOINT WARNING * * *
You see here a pair of pitted gloves.
c - a pair of pitted gloves You are engulfed in freezing vapours.
You resist.
* * * LOW HITPOINT WARNING * * *
The ice statue gestures.
Read which item? (? for menu, Esc to quit)
As you read the scroll of teleportation, it crumbles to dust.
You feel strangely unstable.
You are engulfed in freezing vapours.
You resist.
You die...

....#########################.#..
.....................%........#..
...............(.................
.###########.§.......############
.# ###§§§..### ###(..# # .#
##§.(## ###.#.#.### .#######
#§§§# #.....<.#.. .......#
##Y######.#......#. ######.# #@#
#....#...#.... .......# #8#
#.########..#. .####### ###
#.###....#..#. .# #........#..#.
########### #####.#.......
..........##############.#.###.#.
...######.##..........#.....##.#.
...# #.##.########)#........#.
...# #.##.# #.#.########.


You could see an ice statue and an ice beast.

Vanquished Creatures
  The ghost of atgrul the Spear-Bearer, a novice MfSk of Okawaru (D:8)
  Pikel (D:6)
  Menkaure (D:4)
  A water moccasin (D:8)
  An orc warrior (D:8)
  A black bear (D:8)
  2 phantoms (D:7)
  A sky beast (D:5)
  5 ogres
  2 centaurs
  2 giant frogs
  3 scorpions
  4 killer bees (D:7)
  3 crimson imps
  2 orc priests
  A hound (D:8)
  A jelly (D:7)
  5 orc wizards
  4 iguanas
  4 worker ants
  Natasha (thrice) (D:3)
  3 hound skeletons
  4 gnolls
  9 adders
  A shadow imp (D:7)
  An ooze (D:6)
  2 adder skeletons (D:5)
  4 worms (D:3)
  3 dart slugs
  10 giant geckos
  25 orcs
  4 bats
  8 giant cockroaches
  10 goblins
  7 hobgoblins
  14 jackals
  8 kobolds
  A quokka (D:5)
  A ball python (D:2)
  11 giant newts
  A jackal skeleton (D:4)
  A quokka skeleton (D:5)
  34 rats
210 creatures vanquished.

Vanquished Creatures (others)
  A slave (D:7)
  A killer bee (D:7)
  An orc wizard (D:7)
  An adder (D:7)
4 creatures vanquished.

Grand Total: 214 creatures vanquished

Notes
Turn   | Place    | Note
--------------------------------------------------------------
     0 | D:1      | Alarkh the Mummy Hunter began the quest for the Orb.
     0 | D:1      | Reached XP level 1. HP: 16/16 MP: 1/1
   392 | D:1      | Reached XP level 2. HP: 22/22 MP: 2/2
   745 | D:1      | Reached skill level 4 in Bows
   765 | D:1      | Reached XP level 3. HP: 12/27 MP: 3/3
  1412 | D:2      | Found a snail-covered altar of Cheibriados.
  1960 | D:3      | Reached XP level 4. HP: 33/33 MP: 4/4
  2264 | D:3      | Reached skill level 5 in Bows
  2348 | D:3      | Noticed Natasha
  2353 | D:3      | Killed Natasha
  2365 | D:3      | Noticed Natasha
  2367 | D:3      | Killed Natasha
  2367 | D:3      | Reached XP level 5. HP: 33/38 MP: 5/5
  2530 | D:3      | Noticed Natasha
  2534 | D:3      | Killed Natasha
  2880 | D:3      | Found a sacrificial altar of Ru.
  2895 | D:3      | Found an oddly glowing altar of Pakellas.
  2905 | D:3      | Found a blossoming altar of Fedhas.
  2935 | D:4      | Reached skill level 6 in Bows
  2946 | D:4      | Noticed Menkaure
  2957 | D:4      | Killed Menkaure
  2957 | D:4      | Reached XP level 6. HP: 41/44 MP: 6/6
  3404 | D:4      | Found a radiant altar of Vehumet.
  3760 | D:5      | Entered Level 5 of the Dungeon
  3991 | D:5      | Reached skill level 7 in Bows
  4013 | D:5      | Reached XP level 7. HP: 47/50 MP: 7/7
  4090 | D:5      | Found an opulent altar of Gozag.
  5227 | D:5      | Found an opulent altar of Gozag.
  5233 | D:5      | Reached skill level 8 in Bows
  5417 | D:6      | Found an iron altar of Okawaru.
  5439 | D:6      | Became a worshipper of Warmaster Okawaru
  5461 | D:6      | Reached XP level 8. HP: 56/56 MP: 8/8
  5973 | D:6      | Reached skill level 9 in Bows
  5999 | D:6      | Found a staircase to the Ecumenical Temple.
  6208 | D:7      | Noticed Pikel
  6607 | D:6      | Killed Pikel
  6607 | D:6      | Reached * piety under Okawaru
  6607 | D:6      | Reached skill level 10 in Bows
  6682 | Temple   | Entered the Ecumenical Temple
  7103 | D:7      | Reached XP level 9. HP: 33/61 MP: 9/9
  7296 | D:7      | Found a white marble altar of Elyvilon.
  7344 | D:7      | Found a burning altar of Makhleb.
  7441 | D:7      | Found a deep blue altar of Sif Muna.
  7487 | D:7      | Identified Sif Muna's Tome of Stones
  8154 | D:8      | Reached skill level 11 in Bows
  8159 | D:8      | Reached ** piety under Okawaru
  8400 | D:8      | Noticed atgrul's ghost (novice MfSk)
  8446 | D:8      | Killed atgrul's ghost
  8574 | D:8      | Noticed an ice statue
  8728 | D:8      | Reached skill level 12 in Bows
  9107 | D:8      | Got a pair of pitted gloves
  9108 | D:8      | Engulfed by an ice statue's freezing vapour

Skill      XL: |  1  2  3  4  5  6  7  8  9 |
---------------+----------------------------+-----
Bows           | 4 5 6 7 8 10 12 | 12.0
Fighting       | |  2.2
Armour         | |  0.4
Dodging        | |  1.7
Stealth        | |  0.7

Action                   |  1- 3 |  4- 6 |  7- 9 || total
-------------------------+-------+-------+-------++-------
Melee: Short sword       |    31 |       |       ||    31
       Dagger            |       |       |    39 ||    39
 Fire: Shortbow          |   103 |   173 |   614 ||   890
Invok: Heroism           |       |       |     2 ||     2
Evoke: Wand              |       |       |     8 ||     8
  Use: Scroll            |     4 |       |    14 ||    18
Armor: Leather armour    |    23 |       |       ||    23
       Ring mail         |       |    22 |   101 ||   123
Dodge: Dodged            |    38 |    37 |   153 ||   228
